Map: Dusk Towers

Players

llllllllllll - Winner!

  • Race: Zerg Zerg
  • League: Gold

Trizztein

  • Race: Terran Terran
  • League: Platinum

VOD

Have the link to the VOD?

Description

Time

  • Played on: Jan. 2, 2016, 9:10 a.m.
  • Length: 41:35
Show
View Real Time Build Order
Export as new Build Order

llllllllllll Zerg - Winner!

Build Orders: Hatch First, Ravager All-In 

Get SALT Encoding   

  12  0:01  Drone  
  13  0:13  Drone  
  14  0:18  Drone, Extractor x2  
  13  0:22  Drone  
  13  0:28  Overlord  
  16  0:51  Hatchery  
  16  0:56  Drone  
  16  1:10  Spawning Pool  
  15  1:14  Drone  
  16  1:19  Drone, Extractor  
  16  1:24  Drone  
  17  1:30  Drone  
  18  1:44  Drone  
  19  1:49  Drone  
  20  1:57  Queen  
  20  1:58  Overlord, Extractor  
  21  2:03  Zergling x2  
  22  2:11  Queen  
  25  2:15  Drone  
  25  2:19  Drone  
  25  2:22  Drone  
  27  2:27  Zergling x2  
  28  2:39  Drone x2  
  30  2:44  Zergling x2  
  30  2:47  Drone  
  32  2:55  Drone  
  32  2:58  Drone  
  34  3:03  Drone  
  34  3:04  Roach Warren  
  34  3:10  Drone  
  35  3:13  Drone  
  36  3:30  Overlord  
  36  3:40  Lair  
  36  3:48  Queen  
  36  3:50  Overlord  
  36  3:51  Drone x6  
  44  4:09  Roach x4  
  52  4:17  Overlord x2  
  52  4:29  Roach x3  
  52  4:36  Overlord, Drone  
  52  4:37  Drone x3  
  56  4:40  Glial Reconstitution  
  56  4:43  Roach  
  58  4:46  Ravager x3  
  58  4:49  Hatchery  
  57  4:54  Overseer  
  57  4:56  Ravager x3, Roach x2  
  57  4:57  Ravager  
  57  4:58  Drone x2  
  67  5:14  Drone x2, Roach  
  67  5:15  Drone x2  
  67  5:17  Spore Crawler  
  67  5:20  Spore Crawler  
  71  5:22  Roach x3  
  71  5:27  Ravager x2  
  73  5:36  Drone x3  
  75  6:07  Drone x2, Roach x2  
  75  6:08  Drone  
  82  6:18  Overlord  
  82  6:26  Extractor x2, Queen  
  82  6:27  Overlord x2  
  82  6:41  Drone x2  
  82  6:42  Roach x3  
  82  6:44  Overlord x3  
  82  6:46  Queen  
  92  6:47  Drone x2, Roach x2  
  92  6:48  Roach  
  92  6:52  Drone  
  101  6:56  Evolution Chamber, Roach  
  101  6:57  Roach x2  
  101  6:58  Overlord  
  106  7:02  Evolution Chamber  
  106  7:04  Spore Crawler  
  101  7:18  Queen  
  103  7:25  Drone, Roach x5  
  103  7:26  Drone x4  
  118  7:31  Zerg Missile Weapons Level 1  
  118  7:44  Nydus Network  
  117  7:45  Drone x5  
  117  7:46  Drone  
  123  7:56  Roach  
  123  7:57  Roach x3  
  131  7:58  Drone  
  131  8:05  Zerg Ground Armor Level 1  
  132  8:08  Overseer  
  132  8:19  Overseer  
  132  8:26  Roach x3  
  138  8:56  Nydus Canal  
  110  9:42  Drone x3, Roach  
  110  9:44  Ravager x2  
  117  9:49  Nydus Canal  
  117  9:55  Roach x6  
  129  10:00  Spire x2  
  129  10:01  Drone x3  
  129  10:02  Overlord x2  
  129  10:04  Nydus Canal  
  129  10:05  Extractor  
  129  10:06  Extractor  
  128  10:07  Drone x2  
  128  10:10  Overlord x2  
  130  10:21  Zerg Ground Armor Level 2, Zerg Missile Weapons Level 2  
  130  10:23  Roach x3  
  130  10:28  Ravager x2  
  137  10:29  Ravager  
  137  10:32  Ravager  
  137  10:33  Drone x5  
  137  10:34  Drone  
  145  10:53  Roach x5  
  145  10:54  Roach x2  
  159  10:58  Overlord  
  159  11:04  Spore Crawler  
  159  11:08  Queen  
  159  11:10  Overlord x4  
  160  11:19  Hatchery  
  155  11:38  Ravager x4  
  149  11:50  Mutalisk x7  
  149  11:51  Zergling x2  
  149  11:52  Zergling x2  
  149  11:53  Drone x5, Queen  
  172  11:55  Queen  
  172  11:57  Zerg Flyer Weapons Level 1  
  174  12:21  Mutalisk x2  
  174  12:22  Mutalisk x2  
  170  12:51  Mutalisk x4  
  170  12:57  Drone x7, Queen  
  170  12:58  Drone x3  
  190  13:03  Ravager x3  
  177  13:23  Mutalisk x3  
  179  13:33  Drone x4  
  179  13:34  Drone x5  
  186  13:37  Extractor  
  186  13:38  Spore Crawler, Extractor  
  186  13:40  Drone x4  
  187  13:45  Roach  
  187  13:46  Roach x2  
  193  13:55  Hatchery  
  193  14:01  Mutalisk x4  
  200  14:19  Spine Crawler x2, Infestation Pit  
  200  14:21  Spine Crawler  
  196  14:24  Nydus Canal  
  196  14:27  Ravager x4  
  200  15:33  Nydus Canal  
  200  15:35  Overlord x3  
  139  16:22  Corruptor  
  139  16:23  Mutalisk, Corruptor x4  
  139  16:24  Mutalisk x12  
  139  16:25  Mutalisk x2  
  158  16:27  Drone x3  
  161  16:38  Ravager x3  
  164  16:46  Spore Crawler, Extractor x2  
  161  16:50  Spore Crawler  
  161  16:53  Zerg Flyer Weapons Level 2  
  160  17:19  Corruptor x5  
  170  17:42  Overseer x4  
  144  18:43  Mutalisk  
  144  18:44  Mutalisk x5  
  144  18:45  Drone x2  
  116  19:00  Drone x2  
  116  19:01  Drone x20  
  134  19:05  Zerg Flyer Armor Level 1  
  134  19:14  Drone x5  
  137  19:26  Hive  
  137  19:37  Spore Crawler, Spine Crawler  
  137  19:38  Spine Crawler x2  
  133  19:51  Mutalisk x5  
  143  19:54  Roach x5  
  143  19:55  Roach x6  
  143  19:59  Hydralisk Den  
  164  20:02  Hatchery  
  163  20:13  Mutalisk x5  
  171  20:14  Spore Crawler  
  171  20:16  Roach x4  
  180  20:22  Ravager  
  181  20:43  Mutalisk  
  181  20:44  Mutalisk x2  
  187  20:50  Overseer x2  
  187  20:51  Overseer  
  187  21:10  Overseer  
  187  21:18  Mutalisk x3  
  187  21:21  Extractor x2  
  191  21:28  Ravager x2  
  191  21:29  Ravager  
  191  21:31  Roach  
  191  21:32  Overlord  
  196  21:40  Spine Crawler  
  196  21:42  Spore Crawler  
  196  21:43  Spore Crawler  
  193  22:08  Spine Crawler  
  187  22:13  Ravager x2  
  187  22:14  Ravager x8  
  198  22:15  Ravager  
  195  22:36  Mutalisk x2  
  199  22:37  Zergling x2  
  199  22:39  Metabolic Boost  
  199  22:41  Zerg Flyer Armor Level 2  
  173  22:52  Mutalisk x2  
  173  22:53  Zergling x2  
  173  22:54  Zergling x12  
  173  22:55  Zergling x22  
  173  22:56  Zergling x20  
  179  23:19  Drone x2, Viper, Roach  
  185  23:20  Viper, Roach x2  
  193  23:46  Ravager  
  172  24:17  Zerg Ground Armor Level 3, Zerg Melee Weapons Level 1  
  172  24:20  Greater Spire  
  172  24:26  Hatchery  
  172  24:28  Corruptor x2  
  172  24:29  Corruptor  
  177  24:44  Queen  
  179  24:50  Spine Crawler  
  178  24:59  Spore Crawler  
  177  25:02  Spine Crawler  
  177  25:05  Spore Crawler  
  177  25:06  Adrenal Glands  
  175  25:12  Ravager x2  
  177  25:18  Extractor  
  176  25:23  Extractor  
  174  25:58  Brood Lord x4  
  174  25:59  Brood Lord x4  
  174  26:01  Zergling x10  
  174  26:02  Zergling x8  
  199  26:27  Spore Crawler  
  199  26:29  Spore Crawler  
  149  27:35  Mutalisk x7  
  149  27:36  Mutalisk x7  
  175  27:37  Zergling x6  
  175  27:38  Zergling x24  
  175  27:39  Zergling x14  
  199  27:44  Zerg Flyer Weapons Level 3  
  195  28:03  Spore Crawler  
  180  28:42  Mutalisk, Corruptor  
  180  28:43  Viper x3  
  180  28:44  Corruptor x4  
  180  28:46  Zergling x2  
  180  28:47  Zergling x2  
  160  29:11  Brood Lord x3  
  150  29:54  Corruptor x3  
  150  29:55  Zergling x14  
  150  29:56  Zergling x12  
  169  30:21  Overlord  
  169  30:22  Overlord x6  
  143  31:01  Corruptor x7  
  143  31:02  Mutalisk  
  143  31:03  Mutalisk x5  
  167  31:04  Hydralisk x6  
  167  31:05  Hydralisk x2  
  167  31:42  Hatchery  
  166  31:48  Hatchery  
  166  31:52  Lurker Den  
  165  31:54  Zerg Melee Weapons Level 2  
  165  31:55  Zerg Missile Weapons Level 3  
  165  31:57  Zerg Flyer Armor Level 3  
  165  32:25  Corruptor  
  165  32:26  Corruptor x2  
  165  32:27  Mutalisk x4, Zergling x10  
  165  32:29  Zergling x12  
  152  32:54  Mutalisk  
  152  32:55  Mutalisk  
  152  32:56  Zergling x12  
  152  32:57  Zergling x20  
  162  33:06  Brood Lord  
  164  33:28  Brood Lord x2  
  166  33:39  Extractor x2  
  164  33:42  Spine Crawler  
  164  33:47  Spine Crawler  
  164  33:48  Spine Crawler  
  134  34:07  Overseer x4  
  134  34:21  Brood Lord  
  134  34:22  Zergling x2  
  134  34:23  Zergling x36  
  134  34:24  Zergling x28  
  169  34:37  Brood Lord  
  171  35:08  Mutalisk x2  
  171  35:09  Zergling x2  
  171  35:10  Zergling x16  
  184  35:17  Queen  
  184  35:30  Nydus Canal  
  184  36:11  Viper  
  184  36:12  Zergling x2  
  184  36:13  Zergling x22  
  184  36:14  Zergling x2  
  191  37:04  Viper  
  120  37:26  Mutalisk x2  
  120  37:27  Zergling x2  
  120  37:28  Zergling x18  
  120  37:29  Zergling x26  
  139  37:30  Zergling x12  
  142  37:53  Drone x4  
  142  37:54  Drone x6  
  152  38:06  Brood Lord x2  
  152  38:08  Zergling x2  
  152  38:09  Zergling x28  
  152  38:10  Zergling x12  
  177  38:19  Nydus Canal  
  177  38:25  Corruptor  
  180  38:27  Zergling x10  
  180  38:28  Zergling x22  
  195  38:44  Brood Lord  
  197  38:55  Overseer x2  
  197  39:26  Zergling x4  
  199  39:43  Spore Crawler x2  
  199  39:45  Spine Crawler  
  180  40:41  Viper x2  
  115  41:11  Zergling x2  
  115  41:12  Zergling x28  
  115  41:13  Zergling x46  
  115  41:14  Zergling x2  
Show
View Real Time Build Order
Export as new Build Order

Trizztein Terran 

Build Orders: Reaper Expand, Mech, Banshee Rush 

Get SALT Encoding   

  12  0:00  SCV  
  13  0:13  SCV  
  14  0:18  Supply Depot  
  14  0:25  SCV  
  15  0:39  SCV  
  15  0:42  Barracks  
  16  0:47  Refinery  
  16  0:52  SCV  
  17  1:04  SCV  
  18  1:16  SCV  
  19  1:32  Reaper, Orbital Command  
  20  1:47  Command Center  
  20  1:53  Supply Depot  
  20  1:59  SCV  
  21  2:04  Marine  
  22  2:11  Factory  
  22  2:13  SCV  
  23  2:17  Refinery  
  23  2:25  SCV  
  24  2:37  SCV  
  25  2:49  SCV  
  26  2:59  Starport  
  26  3:04  Factory Reactor  
  26  3:09  SCV  
  26  3:12  Factory Reactor  
  27  3:18  Orbital Command  
  27  3:21  SCV, Barracks Tech Lab  
  28  3:34  SCV  
  29  3:45  SCV  
  29  3:46  SCV  
  31  3:48  Cloaking Field  
  31  3:49  Banshee, Barracks Tech Lab  
  31  3:54  Supply Depot  
  34  3:56  Hellion x2  
  34  3:58  SCV x2  
  39  4:10  SCV x2  
  39  4:12  Supply Depot  
  41  4:18  Hellion x2  
  41  4:22  SCV x2  
  47  4:34  SCV x2  
  47  4:38  Refinery x2  
  49  4:40  Command Center  
  49  4:45  Banshee  
  49  4:46  SCV x2  
  49  4:52  Widow Mine x2  
  54  4:58  SCV x2  
  60  5:10  SCV x2  
  62  5:31  Supply Depot  
  62  5:32  Supply Depot  
  62  5:39  SCV x2  
  61  5:43  Factory x2  
  61  5:45  Armory  
  61  5:46  Armory  
  61  5:51  SCV x2  
  61  5:52  Starport Reactor  
  63  6:03  SCV x2  
  65  6:08  Orbital Command  
  67  6:11  Marauder, Widow Mine x2  
  67  6:15  SCV x2  
  73  6:25  Supply Depot x2  
  73  6:27  SCV  
  74  6:37  Infernal Pre-Igniter  
  74  6:40  Siege Tank x2  
  74  6:41  Orbital Command  
  74  6:42  SCV, Liberator x2  
  74  6:44  Supply Depot  
  74  6:45  Supply Depot  
  81  6:51  Terran Vehicle And Ship Armor Level 1, Terran Vehicle Weapons Level 1  
  81  6:52  SCV  
  81  6:54  SCV  
  89  7:19  Hellion x2, Siege Tank x2  
  99  7:23  SCV x2  
  101  7:32  Supply Depot  
  101  7:33  Supply Depot  
  101  7:35  SCV  
  102  7:41  Hellion  
  102  7:42  Medivac x2  
  108  7:45  SCV x2  
  110  7:57  Hellion x2, Widow Mine  
  116  8:00  Refinery  
  116  8:01  Widow Mine  
  116  8:04  SCV x2  
  116  8:05  Refinery  
  120  8:17  SCV  
  120  8:18  Medivac, Widow Mine  
  127  8:20  Hellion  
  127  8:24  Liberator  
  127  8:25  Supply Depot x3, SCV x2  
  127  8:26  Siege Tank  
  134  8:41  Siege Tank  
  134  8:47  Terran Vehicle And Ship Armor Level 2, Terran Vehicle Weapons Level 2  
  128  9:41  Engineering Bay  
  128  9:48  Hellion x2, Factory  
  128  9:49  Factory  
  132  9:53  Barracks Reactor  
  132  9:59  Command Center  
  132  10:02  Command Center, SCV  
  132  10:03  SCV  
  134  10:16  Liberator x2  
  138  11:01  SCV x2  
  140  11:08  Starport, Fusion Core  
  140  11:11  Starport  
  140  11:33  Factory Tech Lab  
  135  11:58  Planetary Fortress  
  135  12:02  Siege Tank x2  
  135  12:03  Hellion x2  
  135  12:07  Hellion x2  
  151  12:08  Hellion  
  151  12:25  Hellion x2  
  151  12:29  Hellion  
  157  12:34  Siege Tank x2  
  160  12:58  Hellion x3, Siege Tank  
  169  13:00  Supply Depot  
  169  13:03  Command Center  
  169  13:04  Starport Tech Lab  
  169  13:05  Starport Tech Lab  
  169  13:06  Siege Tank x2  
  175  13:13  Missile Turret  
  175  13:17  Missile Turret  
  169  13:30  Siege Tank  
  169  13:46  Hellion x5, Siege Tank, Liberator x2  
  169  13:47  Banshee x2  
  186  13:50  Hyperflight Rotors  
  186  13:51  Refinery  
  186  13:52  Advanced Ballistics  
  186  14:00  Refinery  
  186  14:02  Siege Tank  
  189  14:04  Sensor Tower  
  195  14:30  Banshee  
  198  14:46  Liberator x3  
  199  15:10  Missile Turret  
  199  15:12  Missile Turret  
  199  15:41  Planetary Fortress, SCV  
  171  16:21  Hellion x2, Siege Tank  
  171  16:22  Hellion, Siege Tank x2  
  171  16:23  Barracks Tech Lab  
  168  16:43  Liberator x2  
  168  16:53  Siege Tank  
  168  16:54  Missile Turret  
  177  17:24  SCV  
  178  17:33  Supply Depot x2  
  178  17:34  Supply Depot  
  178  17:35  Supply Depot  
  177  17:37  Hellion  
  177  17:41  Liberator x2  
  177  17:49  Banshee  
  177  17:54  Banshee, Hellion x3, Siege Tank  
  177  17:55  Siege Tank  
  177  17:56  SCV  
  193  18:23  Liberator  
  193  18:31  Banshee  
  181  18:37  Banshee  
  181  18:57  Liberator  
  178  19:03  Liberator  
  178  19:05  Starport x2  
  178  19:06  Starport  
  176  19:10  Missile Turret  
  176  19:11  Missile Turret x2  
  174  19:27  Hellion x4, Siege Tank x3  
  188  19:31  Starport  
  188  19:37  Planetary Fortress  
  188  19:40  Liberator  
  188  19:46  Liberator  
  185  19:55  Missile Turret x2  
  185  19:56  Refinery, Missile Turret  
  185  19:57  Refinery  
  185  19:59  Missile Turret  
  191  20:12  Sensor Tower  
  191  20:23  Liberator  
  191  20:27  Armory x2  
  191  20:31  Command Center  
  191  20:32  Command Center  
  191  20:34  Liberator  
  194  20:46  Banshee  
  200  21:06  Liberator  
  200  21:36  Terran Vehicle And Ship Armor Level 3, Terran Vehicle Weapons Level 3  
  190  22:16  Siege Tank x3  
  190  22:21  Planetary Fortress, Liberator  
  190  22:36  Medivac  
  190  22:37  Medivac  
  197  22:49  Liberator x2  
  146  23:02  Thor, Hellion  
  134  23:14  Missile Turret  
  134  23:15  Missile Turret  
  134  23:20  Missile Turret  
  134  23:26  Building Armor  
  136  23:52  Liberator  
  136  23:53  Liberator x2  
  129  24:13  Terran Ship Weapons Level 1  
  132  24:35  Liberator  
  132  24:43  Refinery  
  132  24:44  Siege Tank x2, Missile Turret  
  132  24:45  Hellion x4, Missile Turret  
  148  24:46  Hellion, Liberator x2  
  148  24:47  Missile Turret  
  148  24:48  Missile Turret  
  148  24:49  Refinery  
  151  25:01  Barracks  
  151  25:02  Barracks  
  151  25:05  Barracks  
  151  25:06  Hellion x2, Hi-Sec Auto Tracking  
  151  25:07  Hellion x3, Barracks  
  167  25:17  Hellion x2  
  171  25:21  Liberator  
  171  25:28  Hellion x4, Siege Tank  
  174  25:38  Hellion x2  
  181  25:45  Liberator  
  181  25:47  Planetary Fortress  
  181  25:49  Hellion x3  
  190  26:06  Liberator x2  
  190  26:11  Barracks Tech Lab x2  
  190  26:12  Barracks Tech Lab x2  
  196  26:28  Liberator  
  199  26:49  Liberator  
  189  27:03  Thor x2  
  192  27:15  Command Center  
  182  27:18  Thor  
  174  27:22  Liberator  
  166  27:41  Viking x2  
  171  27:54  Liberator  
  171  27:57  Marine  
  164  28:07  Hellion x6  
  164  28:08  Hellion  
  175  28:26  Viking  
  175  28:27  Viking  
  167  28:34  Starport  
  167  28:35  Starport  
  159  28:54  Viking  
  157  28:56  Viking  
  147  29:17  Hellion  
  147  29:18  Hellion x2, Widow Mine  
  147  29:23  Liberator x2  
  147  29:24  Liberator  
  142  29:31  Planetary Fortress  
  142  29:34  Thor  
  142  29:38  Widow Mine  
  138  29:40  Missile Turret  
  138  29:41  Missile Turret  
  138  29:42  Viking  
  138  29:43  Missile Turret  
  138  29:44  Missile Turret  
  137  30:12  Viking  
  131  30:21  Ghost Academy  
  131  30:23  Viking  
  131  30:24  Viking  
  131  30:25  Viking  
  132  30:42  Viking  
  126  30:50  Refinery  
  126  30:51  Refinery  
  126  30:53  Factory, Viking  
  126  30:54  Factory, Viking x2  
  126  30:55  Factory  
  126  31:08  Armory  
  126  31:12  Viking  
  128  31:23  Viking  
  128  31:24  Viking x2  
  132  31:37  Ghost x3  
  138  31:42  Viking  
  140  31:51  Factory Tech Lab, Factory Reactor  
  140  31:52  Factory Tech Lab  
  140  32:10  Orbital Command  
  135  32:25  Hellion x2  
  135  32:26  Hellion  
  135  32:27  Hellion  
  143  32:34  Liberator  
  143  32:35  Liberator x3  
  124  32:48  Hellion  
  103  33:05  Hellion  
  101  33:13  Personal Cloaking  
  101  33:14  Ghost  
  101  33:15  Ghost  
  101  33:17  Liberator  
  105  33:24  Hellion x3  
  105  33:26  Hellion  
  113  33:28  Hellion x2  
  113  33:29  Hellion  
  119  33:35  Viking x3  
  119  33:40  Starport  
  128  33:45  Hellion x2  
  128  33:47  Liberator  
  128  33:48  Liberator  
  128  33:50  Reaper, Ghost x2  
  130  33:56  Hellion  
  130  33:57  Hellion x4  
  130  34:00  Liberator  
  137  34:07  Viking  
  145  34:18  Ghost x2  
  145  34:20  Liberator  
  152  34:32  Terran Ship Weapons Level 2  
  155  34:39  Hellion  
  155  34:40  Hellion x2  
  155  34:41  Hellion  
  149  35:20  Liberator  
  149  35:21  Liberator x2  
  145  35:25  Thor  
  156  35:50  Ghost x2  
  152  36:39  Ghost x3  
  158  37:07  Ghost  
  133  37:22  Ghost x2  
  90  37:32  Viking x3  
  90  37:33  Viking  
  90  37:36  Ghost  
  90  37:58  Marine x2  
  90  38:01  Hellion x3  
  90  38:02  Viking x3  
  90  38:03  Viking  
  106  38:12  Factory  
  106  38:22  Hellion  
  106  38:23  Hellion x2  
  112  38:32  Factory  
  112  38:33  Factory  
  112  38:42  Viking  
  112  38:43  Viking x2  
  112  38:44  Hellion  
  120  39:01  Hellion x2  
  124  39:05  Hellion  
  126  39:22  Hellion  
  126  39:23  Hellion  
  130  39:27  Hellion  
  130  39:30  Missile Turret  
  132  39:32  Missile Turret  
  132  39:42  Factory Tech Lab  
  132  39:44  Hellion x2  
  136  39:45  Factory Reactor  
  136  39:48  Hellion  
  138  40:05  Hellion x2  
  142  40:10  Hellion  
  140  40:18  Ghost  
  140  40:19  Ghost x2  
  137  40:47  Viking x4  
  129  40:56  Hellion x3  
Tags
 
Add a new tag
Caveats
  • Supply blocks, unpowered buildings, or Contaminate may cause inaccurate times.
  • Supply counts are checked every 10 seconds.